 Dungeon Crawl Stone Soup version 0.32-a0-540-g866d131 (webtiles) character file.

Game seed: 16898866039454981305

141 LookintoAbyss the Changeling (level 5, -4/45 HPs)
             Began as a Draconian Shapeshifter on Feb 28, 2024.
             Slain by Maggie
             ... wielding a +3 scimitar of electrocution
              (10 damage)
             ... on level 6 of the Dungeon.
             The game lasted 00:02:03 (1923 turns).

LookintoAbyss the Changeling (DrSh)                 Turns: 1923, Time: 00:02:04

Health: -4/45      AC:  5    Str: 17    XL:     5   Next: 3%
Magic:  5/5        EV: 12    Int: 10    God:
Gold:   244        SH:  0    Dex: 12    Spells: 4/4 levels left

rFire   . .          .
                       - Unarmed
rCold   . . .        (no shield)
rNeg    . . .        (body armour unavailable)
rPois   .            (helmet currently unavailable)
rElec   .            (cloak currently unavailable)
rCorr   .            (gloves currently unavailable)
SInv    .            (boots currently unavailable)
Will    .....        (no amulet)
Stlth   +            (no ring)
HPRegen 0.27/turn    (no ring)
MPRegen 0.09/turn

%: no passive effects
@: about to teleport, beast-form, attractive
A: beast (slay +2), AC +5, unfitting armour, cold-blooded
a: Begin Untransformation


You were on level 6 of the Dungeon.
You were a hulking beast.
You visited 1 branch of the dungeon, and saw 4 of its levels.

You collected 244 gold pieces.

Inventory:

Armour
 e - a +1 cloak of willpower
 h - a +0 pair of boots
Talismans
 b - a beast talisman (active)
 c - a flux talisman
Scrolls
 d - a scroll of identify
Potions
 a - a potion of lignification
 f - a potion of cancellation {unknown}
 g - a potion of resistance {unknown}
 i - 2 potions of attraction
 j - a potion of mutation {unknown}
 k - a potion of curing {unknown}


   Skills:
 - Level 3.0 Fighting
 - Level 1.7 Dodging
 - Level 3.0 Unarmed Combat
 + Level 4.8 Shapeshifting


You had 4 spell levels left.
You didn't know any spells.
Your spell library was empty.

Dungeon Overview and Level Annotations

Branches:
Dungeon (3/15) Zot: 22081

Altars:
Ru

Annotations:
D:6 Maggie


Innate Abilities, Weirdness & Mutations

You are a hulking beast.
Your limbs bulge with bestial killing power. (Slay +2)
Your plain brown scales are hard. (AC +5)
You cannot fit into any form of body armour.
You are cold-blooded and may be slowed by cold attacks.


Message History

A gnoll comes into view. It is wielding a +0 flail.
The gnoll moves out of view.
There are monsters nearby!
There are monsters nearby!
There are monsters nearby!
An iguana comes into view.
A gnoll comes into view. It is wielding a +0 flail.
The gnoll misses you.
The gnoll shouts!
You hit the gnoll.
The gnoll is lightly wounded.
The gnoll barely misses you. The gnoll attacks as it pursues you!
The gnoll hits you with a +0 whip.
You take 5 HP, and have [40/45] HP The gnoll attacks as it pursues you!
The gnoll hits you with a +0 whip!
You take 6 HP, and have [34/45] HP
Okay, then.
Maggie the Vainglorious comes into view.
She is wielding a +3 scimitar of electrocution.
Maggie shouts!
Maggie hits you with a +3 scimitar of electrocution!
You take 6 HP, and have [28/45] HP
Okay, then.
As you read the scroll labelled CUIWEA FUCLIN, it crumbles to dust.
It is a scroll of identify.
l - a scroll of teleportation The gnoll barely misses you.
Maggie hits you with a +3 scimitar of electrocution!
You take 11 HP, and have [17/45] HP !!!!!
HP Warning !!!!!
As you read the scroll of teleportation, it crumbles to dust.
You feel strangely unstable. The gnoll hits you with a +0 whip.
Maggie hits you with a +3 scimitar of electrocution!
* * * LOW HITPOINT WARNING * * *
You take 12 HP, and have [5/45] HP !!!!!
HP Warning !!!!!
It was a potion of attraction.
You feel attractive to monsters. The gnoll completely misses you.
Maggie hits you with a +3 scimitar of electrocution!
You die...

#####
##ggg##
#h###.##
#@#####.###
#. #......#
#.
#.##g#......
....
#.#####.##
### .g# ..
#.g# ....
.##.


You could see Maggie, a gnoll sergeant and 2 gnolls.

Vanquished Creatures
  A bombardier beetle (D:3)
  Jessica (D:3)
  2 adders (D:2)
  4 dart slugs
  2 ribbon worms (D:2)
  An orc (D:3)
  2 ball pythons (D:1)
  6 endoplasms
  2 giant cockroaches
  7 goblins
  2 hobgoblins (D:2)
  A quokka (D:2)
  4 bats
  2 frilled lizards
  4 kobolds
  4 rats
45 creatures vanquished.

Notes
Turn   | Place    | Note
-------+----------+-------------------------------------------
     0 | D:1      | LookintoAbyss the Draconian Shapeshifter began the quest
                  | for the Orb.
     0 | D:1      | Reached XP level 1. HP: 16/16 MP: 1/1
   515 | D:1      | Reached XP level 2. HP: 24/24 MP: 2/2
  1091 | D:2      | Reached XP level 3. HP: 26/30 MP: 3/3
  1306 | D:2      | Reached skill level 4 in Shapeshifting
  1306 | D:2      | Reached XP level 4. HP: 38/38 MP: 4/4
  1731 | D:3      | Noticed Jessica
  1743 | D:3      | Killed Jessica
  1744 | D:3      | Reached XP level 5. HP: 38/45 MP: 5/5
  1794 | D:3      | Found a sacrificial altar of Ru.
  1909 | D:3      | You fall into a shaft and drop 3 floors!
  1919 | D:6      | Noticed Maggie
  1923 | D:6      | Slain by Maggie

Illustrated notes

Levels and vault maps discovered:
D:1:      dpeg_arrival_boxes_within_box, layout_basic
D:2:      layout_basic, minmay_fractal_squares_5
D:3:      layout_basic, lemuel_doored_altar, uniq_jessica, uniq_pargi
D:6:      layout_loops_cross, uniq_maggie, uniq_eustachio,
          uniq_crazy_yiuf_cottage

Skill      XL: |  1  2  3 |
---------------+----------+-----
Fighting       | 2 3 |  3.0
Shapeshifting  | 4 |  4.8
Dodging        | |  1.7
Unarmed Combat | |  3.0

Action                     |  1- 3 |  4- 6 || total
---------------------------+-------+-------++-------
  Melee: Unarmed           |   103 |    34 ||   137
         Tailslap          |    18 |     2 ||    20
         Punch             |     3 |       ||     3
    Use: Scroll            |       |     2 ||     2
         Potion            |       |     1 ||     1
   Stab: Sleeping          |     1 |       ||     1
 Armour: Skin              |    43 |    21 ||    64
  Dodge: Dodged            |    53 |    13 ||    66

Table legend: (Time is in decaauts)
 A = Elapsed time spent in this place.
 B = Non-inter-level travel time spent in this place.
 C = Inter-level travel time spent in this place.
 D = Time resting spent in this place.
 E = Time spent auto-exploring this place.
 F = Levels seen in this place.
 G = Mean time per level.
                   A        B        C        D        E       F      G
               +--------+--------+--------+--------+--------+-----+--------+
         Total |   1918 |   1844 |     74 |     30 |   1524 |   4 |  479.5 |
       Dungeon |   1918 |   1844 |     74 |     30 |   1524 |   4 |  479.5 |
               +--------+--------+--------+--------+--------+-----+--------+

Top non-repeatable levels by time:
     D:1: 906 daAuts
     D:2: 662 daAuts
     D:3: 335 daAuts
     D:6: 13 daAuts
